 Dungeon Crawl Stone Soup version 0.31-a0-174-g85c54bcb58 (webtiles) character file.

Game seed: 15623753177299255799

163 qw the Shooter (level 5, -15/32 HPs)
             Began as a Gargoyle Hunter on June 15, 2023.
             Demolished by an ogre
             ... wielding a +0 giant club
              (18 damage)
             ... on level 4 of the Dungeon.
             The game lasted 00:00:52 (2158 turns).

qw the Shooter (Gargoyle Hunter)                    Turns: 2158, Time: 00:00:53

Health: -15/32     AC:  9    Str: 15    XL:     5   Next: 44%
Magic:  5/5        EV: 11    Int:  9    God:
Gold:   155        SH:  0    Dex: 15    Spells: 4/4 levels left

rFire   . . .        Y - +0 orcbow
rCold   . . .        (shield currently unavailable)
rNeg    + . .        e - +0 ring mail
rPois   inf          (no helmet)
rElec   +            (no cloak)
rCorr   .            (no gloves)
SInv    .            (no boots)
Will    .....        (no amulet)
Stlth   +            (no ring)
HPRegen 0.25/turn    (no ring)
MPRegen 0.09/turn

%: no passive effects
@: no status effects
A: sickness immunity, AC +4, negative energy resistance 1, electricity
resistance, torment resistance 1, petrification resistance
a: no special abilities


You were on level 4 of the Dungeon.
You visited 1 branch of the dungeon, and saw 4 of its levels.

You collected 155 gold pieces.


Innate Abilities, Weirdness & Mutations

You are immune to sickness and miasma.
Your stone body is resilient. (AC +4)
You are immune to poison.
You resist negative energy. (rN+)
You are resistant to electric shocks. (rElec)
You are resistant to unholy torment.
You are immune to petrification.


   Skills:
 + Level 3.0 Fighting
 - Level 6.1 Ranged Weapons
 - Level 1.0 Armour
 - Level 1.5 Dodging
 - Level 1.1 Stealth


You had 4 spell levels left.
You didn't know any spells.
Your spell library was empty.

Inventory:

Hand Weapons
 Y - a +0 orcbow (weapon)
Armour
 e - a +0 ring mail (worn)
Scrolls
 a - a scroll of identify
Potions
 c - a potion of might
 d - a potion of resistance {unknown}
 f - a potion of curing
 j - a potion of invisibility {unknown}
 k - a potion of heal wounds {unknown}
 m - a potion of magic {unknown}

Dungeon Overview and Level Annotations

Branches:
Dungeon (4/15)
 Temple: D:4-7

Altars:

Shops:
D:1 ?

Annotations:
D:4 Edmund


Message History

Edmund hits you with a +1 flail of draining.
You shoot an arrow. The arrow completely misses Edmund.
Edmund hits you but does no damage.
You shoot an arrow. The arrow barely misses Edmund.
Edmund hits you with a +1 flail of draining.
You shoot an arrow. The arrow barely misses Edmund.
Edmund hits you with a +1 flail of draining.
Edmund barely misses you.
2152 ||| READING scroll of teleportation.
As you read the scroll of teleportation, it crumbles to dust.
You feel strangely unstable. Edmund barely misses you.
You shoot an arrow. The arrow hits Edmund.
Edmund is moderately wounded.
Edmund barely misses you.
You shoot an arrow. The arrow barely misses Edmund.
Edmund hits you with a +1 flail of draining.
You shoot an arrow. The arrow completely misses Edmund.
Your surroundings suddenly seem different.
An adder, an ogre and a ball python come into view.
Found six items.
Found an escape hatch in the floor and an escape hatch in the ceiling.
The ogre shouts!
The adder hisses angrily.
The ball python hisses angrily.
An adder comes into view.
The adder bites you. The ogre barely misses you.
You shoot an arrow. The adder hisses angrily.
The arrow hits the ogre but does no damage.
The adder closely misses you. The adder completely misses you.
You shoot an arrow.
The arrow hits the ogre but does no damage.
The ogre misses you. The adder bites you.
The ball python bites you but does no damage.
The ball python barely misses you.
You shoot an arrow. The arrow hits the ogre!
The ogre is moderately wounded.
The adder bites you but does no damage.
The ogre hits you with a +0 giant club!!
Ouch! That really hurt!
You die...

#####
#.......!..$
#.
#.....)...<.
##
#...........
#<
#.....?.....
#%
###...........
#.
#...........#
..
#......)....+
.##
#....S@.....#
#.
#.....SO....#
#
#.......S...#
#...........#
#.........>.#
###########...
... ).


You could see an ogre, 2 adders and a ball python.

Vanquished Creatures
  2 iguanas (D:4)
  4 adders
  2 worms
  3 dart slugs
  2 orcs
  11 ball pythons
  2 endoplasms (D:1)
  6 goblins
  3 hobgoblins
  3 quokkas
  4 bats
  11 frilled lizards
  5 kobolds
  8 rats
66 creatures vanquished.

Notes
Turn   | Place    | Note
-------+----------+-------------------------------------------
     0 | D:1      | qw the Gargoyle Hunter began the quest for the Orb.
     0 | D:1      | Reached XP level 1. HP: 12/12 MP: 1/1
     0 | D:1      | 0 ||| qw: Version: 0.2-a-29-g511e9b1
     0 | D:1      | 0 ||| qw: Game counter: 5331
     0 | D:1      | 0 ||| qw: Always use a shield: true
     0 | D:1      | 0 ||| qw: God list: Okawaru
     0 | D:1      | 0 ||| qw: Allow faded altars: false
     0 | D:1      | 0 ||| qw: Do Orc after D:15 true
     0 | D:1      | 0 ||| qw: Do second Lair branch before Depths: true
     0 | D:1      | 0 ||| qw: Lair rune preference: random
     0 | D:1      | 0 ||| qw: Plans: Normal, Zot:1-4, Slime:5, God:TSO, Crypt,
                  | Tomb, Abyss, Pan, Hells, Win
     0 | D:1      | 0 ||| PLANNING D:1-11
   110 | D:1      | Reached XP level 2. HP: 17/17 MP: 2/2
   113 | D:1      | Found Dauney's Magic Scroll Emporium.
   131 | D:1      | 131 ||| SHOPLISTING scroll of enchant armour (82 gold, have
                  | 11).
   131 | D:1      | 131 ||| SHOPLISTING scroll of identify (22 gold, have 11).
   131 | D:1      | 131 ||| SHOPLISTING scroll of teleportation (33 gold, have
                  | 11).
   406 | D:1      | Reached XP level 3. HP: 17/21 MP: 3/3
   470 | D:1      | Reached skill level 5 in Ranged Weapons
   647 | D:1      | 647 ||| UPGRADING to +0 ring mail.
   657 | D:1      | 657 ||| DROPPING +0 leather armour.
   658 | D:1      | 658 ||| READING scroll labelled VOXUUR YPLOTZ.
   659 | D:1      | 659 ||| READING scroll labelled SEILYI DILA.
   660 | D:1      | 660 ||| READING scroll labelled VOCREE NEBOPYSCH.
   661 | D:1      | 661 ||| DRINKING 2 black potions.
   662 | D:1      | 662 ||| DROPPING scroll of butterflies.
   764 | D:2      | Reached skill level 1 in Armour
   934 | D:2      | Reached skill level 3 in Fighting
   934 | D:2      | Reached XP level 4. HP: 23/28 MP: 4/4
  1392 | D:2      | 1392 ||| DROPPING ring of magical power.
  1393 | D:2      | 1393 ||| READING 2 scrolls labelled NALUEW COKIENI.
  1394 | D:2      | 1394 ||| READING scroll labelled QIUCHO QOMI.
  1395 | D:2      | 1395 ||| READING 2 scrolls labelled ICAOTHR EROMUKLED.
  1399 | D:2      | 1399 ||| DRINKING 2 fuming coppery potions.
  1541 | D:3      | Found a faded altar of an unknown god.
  1797 | D:3      | 1797 ||| UPGRADING to +0 orcbow.
  1798 | D:3      | 1798 ||| DROPPING +1 shortbow.
  2073 | D:3      | 2073 ||| READING scroll labelled MAOP NIAJYHONO.
  2074 | D:3      | 2074 ||| READING scroll labelled HASATI OCLOA.
  2075 | D:3      | 2075 ||| DRINKING 2 brown potions.
  2076 | D:3      | 2076 ||| DROPPING potion of enlightenment.
  2128 | D:4      | Reached XP level 5. HP: 32/32 MP: 5/5
  2132 | D:4      | Noticed Edmund
  2145 | D:4      | Reached skill level 6 in Ranged Weapons
  2151 | D:4      | HP: 5/32 [Edmund/+1 flail of draining (6)]
  2152 | D:4      | 2152 ||| READING scroll of teleportation.
  2155 | D:4      | Noticed an ogre
  2157 | D:4      | HP: 3/32 [adder (1)]
  2158 | D:4      | Demolished by an ogre

Levels and vault maps discovered:
D:1:      pf_arrival_petrified_forest, layout_loops_ring, serial_shops, shop,
          minmay_box_of_dots
D:2:      layout_loops_ring, minmay_pentomino_w4
D:3:      layout_loops_ring, chequers_ecumenical_altar_twisty,
          dreamdust_mushroom_princess, kennysheep_nub, item_on_display_a
D:4:      layout_basic, hellmonk_no_cap, uniq_menkaure, uniq_edmund,
          uniq_crazy_yiuf_cottage

Skill      XL: |  1  2  3  4  5 |
---------------+----------------+-----
Ranged Weapons | 5 6 |  6.1
Armour         | 1 |  1.0
Fighting       | 3 |  3.0
Dodging        | |  1.5
Stealth        | |  1.1

Action                     |  1- 3 |  4- 6 || total
---------------------------+-------+-------++-------
   Fire: Shortbow          |   105 |    40 ||   145
         Orcbow            |       |    45 ||    45
    Use: Scroll            |     3 |     6 ||     9
         Potion            |     1 |     2 ||     3
 Armour: Leather armour    |     9 |       ||     9
         Ring mail         |     6 |    22 ||    28
  Dodge: Dodged            |    31 |    34 ||    65

Table legend:
 A = Non-vault XP
 B = Vault XP
 C = Vault XP percentage of total XP
 D = Non-vault monster count
 E = Vault monster count
 F = Vault count percentage of total count
                 A         B        C        D         E       F
            +---------+---------+-------+---------+---------+-------
      Total |     216 |      17 |   7.3 |      57 |       9 |  13.6
            +---------+---------+-------+---------+---------+-------
        D:1 |      36 |       7 |  16.3 |      23 |       3 |  11.5
        D:2 |      56 |      10 |  15.2 |      18 |       6 |  25.0
        D:3 |      47 |       0 |   0.0 |      13 |       0 |   0.0
        D:4 |      77 |       0 |   0.0 |       3 |       0 |   0.0
            +---------+---------+-------+---------+---------+-------
